 Dungeon Crawl Stone Soup version 0.28-a0-48-gfd831c5874 (webtiles) character file.

Game seed: 12025502003657206140

228 flotson the Sneak (level 5, -3/42 HPs)
             Began as a Demonspawn Delver on July 29, 2021.
             Killed by nerve-wracking pain
             ... invoked by Grinder
              (13 damage)
             ... on level 3 of the Dungeon.
             The game lasted 00:05:57 (4812 turns).

flotson the Sneak (Demonspawn Delver)               Turns: 4812, Time: 00:05:57

Health: -3/42      AC:  6    Str: 14    XL:     5   Next: 70%
Magic:  5/5        EV: 12    Int: 11    God:
Gold:   124        SH:  0    Dex: 14    Spells: 4/4 levels left

rFire   . . .      SeeInvis .   m - +0 battleaxe
rCold   . . .      Faith    .   (shield currently unavailable)
rNeg    . . .      Spirit   .   r - +0 ring mail
rPois   .          Reflect  .   t - +0 helmet
rElec   .          Harm     .   (no cloak)
rCorr   .          Rampage  .   (no gloves)
Will    .....                   (no boots)
Stlth   +++.......              u - amulet of magic regeneration
HPRegen 0.14/turn               (no ring)
MPRegen 0.34/turn               (no ring)

@: hasted, very quick
A: ignite blood 1, sturdy frame 2
a: no special abilities


You were on level 3 of the Dungeon.
You visited 1 branch of the dungeon, and saw 5 of its levels.

You collected 124 gold pieces.

Inventory:

Hand Weapons
 a - a +0 hand axe
 b - a +2 dagger of speed
 m - a +0 battleaxe (weapon)
Missiles
 o - 11 poisoned darts (quivered)
Armour
 r - a +0 ring mail (worn)
 t - a +0 helmet (worn)
Jewellery
 u - an amulet of magic regeneration (around neck)
Wands
 e - a wand of charming (10)
 g - a wand of digging (3)
Scrolls
 c - 2 scrolls of fog
 h - 3 scrolls of identify {unknown}
 j - a scroll of acquirement {unknown}
 k - a scroll of enchant weapon {unknown}
 l - a scroll of amnesia {unknown}
 p - a scroll of brand weapon {unknown}
Potions
 d - 2 potions of cancellation
 i - a potion of flight {unknown}
 n - a potion of degeneration {unknown}
 q - a potion of might {unknown}
 s - a potion of heal wounds {unknown}


   Skills:
 + Level 3.8 Fighting
 + Level 2.8 Axes
 + Level 1.3 Throwing
 + Level 1.9 Armour
 + Level 2.8 Dodging
 - Level 4.5 Stealth
 + Level 2.0 Evocations


You had 4 spell levels left.
You didn't know any spells.
Your spell library contained the following spells:

 Spells                   Type           Power      Damage    Failure   Level
 Sandblast                Erth           0%         2d4       36%         1
 Passwall                 Tmut/Erth      0%         N/A       52%         2
 Dazzling Flash           Conj/Hex       0%         N/A       75%         3
 Hailstorm                Conj/Ice       0%         3d3       98%         4
 Ice Form                 Ice/Tmut       0%         N/A       98%         4
 Iskenderun's Mystic Bla  Conj/Tloc      0%         2d3       98%         4
 Lee's Rapid Deconstruct  Erth           0%         3d5*      100%        5
 Simulacrum               Ice/Necr       0%         N/A       100%        6
 Starburst                Conj/Fire      0%         8x6d3     100%        6


Dungeon Overview and Level Annotations

Branches:
Dungeon (5/15)             Temple (0/1) D:5

Altars:
Trog

Annotations:
D:3 Grinder
D:4 Menkaure, Pikel


Innate Abilities, Weirdness & Mutations

Your demonic aura sometimes causes spilled blood to erupt in flames.
Your movements are less encumbered by armour. (ER -4)


Message History

You barely miss Grinder.
Grinder blinks!
You barely miss Grinder. Grinder barely misses you.
Grinder blinks!
You hit Grinder.
Grinder is lightly wounded.
Grinder gestures at you. You resist with significant effort.
You barely miss Grinder.
Grinder is lightly wounded.
Grinder hits you.
You writhe in agony.
Grinder barely misses you.
You barely miss Grinder.
Grinder is lightly wounded.
Grinder barely misses you. Grinder hits you!
You writhe in agony.
You hit Grinder but do no damage.
Grinder is lightly wounded.
Grinder hits you.
You writhe in agony.
You are too injured to fight recklessly!
You are too injured to fight recklessly!
Okay, then.
Unknown command.
Unknown command.
You feel yourself speed up. Grinder barely misses you.
You closely miss Grinder.
Grinder is lightly wounded.
Grinder hits you.
You writhe in agony.
* * * LOW HITPOINT WARNING * * *
Okay, then.
It was a potion of cancellation.
Your magical effects are unravelling.
You feel magically purged.
You feel yourself slow down. Grinder misses you.
You feel yourself speed up. Grinder hits you.
* * * LOW HITPOINT WARNING * * *
You writhe in agony.
* * * LOW HITPOINT WARNING * * *
You barely miss Grinder.
Grinder is lightly wounded.
Grinder gestures at you. Pain shoots through your body!
You die...

######.#####..#
.....#........#
...#.#.#####..#
####.#........##
P.##.#.#####...#####
.PP#.........#.....#
.P##..##†##.##.....#
###..##>##........#
#.#####.#####..@.>#
#.#####.......5...#
#.#.....####.....##
#.#.....# ##...##
#.......# ##.##
###.....# #.#
#.....# ####.####
####### #.......#
#.##.##.#


You could see Grinder.

Vanquished Creatures
  A sky beast (D:3)
  A lemure (D:3)
  A hound skeleton (D:4)
  5 adders
  3 dart slugs
  2 orcs
  3 ball pythons
  6 endoplasms
  3 giant cockroaches
  6 goblins
  5 hobgoblins
  7 jackals
  4 quokkas
  5 bats
  3 frilled lizards
  6 kobolds
  4 rats
65 creatures vanquished.

Vanquished Creatures (others)
  A plant (D:3)
1 creature vanquished.

Grand Total: 66 creatures vanquished

Notes
Turn   | Place    | Note
-------+----------+-------------------------------------------
     0 | D:5      | flotson the Demonspawn Delver began the quest for the Orb.
     0 | D:5      | Reached XP level 1. HP: 18/18 MP: 1/1
    33 | D:5      | Noticed a sky beast
   668 | D:1      | Gained mutation: Your demonic aura sometimes causes spilled
                  | blood to erupt in flames. [demonic ancestry]
   668 | D:1      | Reached XP level 2. HP: 12/24 MP: 2/2
  1290 | D:1      | Reached skill level 1 in Evocations
  1332 | D:1      | Reached XP level 3. HP: 28/29 MP: 3/3
  1401 | D:1      | Reached skill level 1 in Armour
  2561 | D:2      | Gained mutation: Your movements are slightly less
                  | encumbered by armour. (ER -2) [demonic ancestry]
  2561 | D:2      | Reached XP level 4. HP: 6/35 MP: 4/4
  3042 | D:2      | Found a faded altar of an unknown god.
  3745 | D:3      | Noticed a sky beast
  3768 | D:3      | Killed a sky beast
  3769 | D:3      | Reached skill level 1 in Throwing
  3769 | D:3      | Gained mutation: Your movements are less encumbered by
                  | armour. (ER -4) [demonic ancestry]
  3769 | D:3      | Reached XP level 5. HP: 34/42 MP: 5/5
  4074 | D:3      | Found a bloodstained altar of Trog.
  4197 | D:4      | Noticed Pikel
  4197 | D:4      | Noticed a lemure
  4197 | D:4      | Noticed a lemure
  4197 | D:4      | Noticed a lemure
  4198 | D:4      | Noticed a lemure
  4209 | D:3      | Killed a lemure
  4311 | D:4      | Noticed Grinder
  4432 | D:4      | Noticed Menkaure
  4812 | D:3      | Killed from afar by Grinder

Illustrated notes

Levels and vault maps discovered:
D:1:      kilobyte_arrival_exit_the_forest, layout_basic,
          corexii_item_surrounded_by_moat
D:2:      layout_loops_cross, hellmonk_ecumenical_altar_pennies_from_heaven
D:3:      cheibrodos_old_hovel, layout_loops_cross, trog_book, serial_aquarium,
          aquarium_bridge_square [aquarium_subvault_bridge,
          aquarium_subvault_bridge, aquarium_subvault_window,
          aquarium_subvault_bridge], aquarium_window_1, aquarium_window_1,
          aquarium_window_corridor_1, aquarium_window_fake, aquarium_view_2d,
          aquarium_view_2g, minmay_misc_feat_rows
D:4:      layout_basic, amcnicky_mini_pool_small, uniq_pikel, uniq_menkaure,
          uniq_grinder, uniq_duvessa
D:5:      layout_basic, nicolae_uskayaw_murder_on_the_dancefloor, temple_green,
          kennysheep_windowed_goal

Skill      XL: |  1  2  3  4  5 |
---------------+----------------+-----
Dodging        | 2 |  2.8
Axes           | 2 |  2.8
Evocations     | 1 2 |  2.0
Armour         | 1 |  1.9
Throwing       | 1 |  1.3
Fighting       | |  3.8
Stealth        | |  4.5

Action                   |  1- 3 |  4- 6 || total
-------------------------+-------+-------++-------
Melee: Hand axe          |    45 |       ||    45
       Dagger            |   135 |    12 ||   147
       Battleaxe         |       |    56 ||    56
Throw: Dart              |       |     8 ||     8
  Use: Scroll            |     2 |       ||     2
       Potion            |       |     3 ||     3
 Stab: Sleeping          |     5 |     3 ||     8
Armor: Leather armour    |    26 |     1 ||    27
       Ring mail         |       |    18 ||    18
Dodge: Dodged            |    90 |    45 ||   135

Table legend: (Time is in decaauts)
 A = Elapsed time spent in this place.
 B = Non-inter-level travel time spent in this place.
 C = Inter-level travel time spent in this place.
 D = Time resting spent in this place.
 E = Time spent auto-exploring this place.
 F = Levels seen in this place.
 G = Mean time per level.
                   A        B        C        D        E       F      G
               +--------+--------+--------+--------+--------+-----+--------+
         Total |   4818 |   4606 |    212 |    751 |   3171 |   5 |  963.6 |
       Dungeon |   4818 |   4606 |    212 |    751 |   3171 |   5 |  963.6 |
               +--------+--------+--------+--------+--------+-----+--------+

Top non-repeatable levels by time:
     D:3: 1744 daAuts
     D:1: 1586 daAuts
     D:2: 1135 daAuts
     D:4: 260 daAuts
     D:5: 91 daAuts
